 Dungeon Crawl Stone Soup version 0.24-a0-459-g225fefd530 (webtiles) character file.

Game seed: 15559453288082426941

86 mhoghedin the Sneak (level 4, -1/29 HPs)
             Began as an Octopode Assassin on June 28, 2019.
             Killed from afar by an orc wizard (9 damage)
             ... with a magic dart
             ... on level 3 of the Dungeon.
             The game lasted 00:01:25 (1582 turns).

mhoghedin the Sneak (Octopode Assassin)             Turns: 1582, Time: 00:01:25

Health: -1/29      AC:  1    Str: 10    XL:     4   Next: 50%
Magic:  4/4        EV: 13    Int: 13    God:
Gold:   71         SH:  0    Dex: 14    Spells: 3/3 levels left

rFire    . . .     SeeInvis .   a - +2 dagger
rCold    . . .     Gourm    .   (no shield)
rNeg     . . .     Faith    .   (helmet restricted)
rPois    .         Spirit   .   (no amulet)
rElec    .         Reflect  .   (no ring)
rCorr    .         Harm     .   (no ring)
MR       .....                  (no ring)
Stlth    ++++......             (no ring)
HPRegen  0.09/turn              (no ring)
MPRegen  0.09/turn              (no ring)
                                (no ring)
                                (no ring)

@: no status effects
A: almost no armour, stealthy swim, amphibious, 8 rings, constrict 8, camouflage
1, gelatinous body 1
a: no special abilities


You were on level 3 of the Dungeon.
You were very hungry.

You visited 1 branch of the dungeon, and saw 3 of its levels.

You collected 71 gold pieces.

Inventory:

Hand Weapons
 a - a +2 dagger (weapon)
Missiles
 b - 8 poisoned darts (quivered)
 c - 2 curare-tipped darts
Scrolls
 e - 4 scrolls of random uselessness {unknown}
 f - 6 scrolls of identify {unknown}
 g - a scroll of noise {unknown}
 i - a scroll of fear {unknown}
 j - a scroll of remove curse {unknown}
Potions
 h - a potion of curing {unknown}
 k - a potion of cancellation {unknown}
Comestibles
 d - 3 rations


   Skills:
 - Level 2.0 Fighting
 * Level 3.9 Short Blades
 - Level 2.0 Throwing
 - Level 1.0 Dodging
 + Level 6.3 Stealth


You had 3 spell levels left.
You didn't know any spells.
Your spell library was empty.

Dungeon Overview and Level Annotations

Branches:
Dungeon (3/15)

Altars:
Trog


Innate Abilities, Weirdness & Mutations

You cannot wear most types of armour.
You are very stealthy in the water. (Stealth+)
You are amphibious.
You can wear up to eight rings at the same time.
You can use your tentacles to constrict eight enemies at once.
Your skin changes colour to match your surroundings (Stealth+).
Your rubbery body absorbs attacks. (AC +1, EV +1)


Message History

Found a stone staircase leading up.
You open the door.
There is an open door here. 4 worms come into view.
Found a hunting sling.
Found a bloodstained altar of Trog.
A rat comes into view.
The worm barely misses you.
You barely miss the worm. You grab the worm. You constrict the worm.
The worm bites you!
You take 7 damage, and have 17/24 hp.
MASSIVE DAMAGE!!
You hit the worm. You constrict the worm. You hit the worm but do no damage.
You constrict the worm. You barely miss the worm.
You constrict the worm, but do no damage.
The worm bites you.
You take 4 damage, and have 13/24 hp.
You are too injured to fight recklessly!
You are too injured to fight recklessly!
You release your grip on the worm.
There is an open door here.
That item cannot be evoked!
You close the door.
Done exploring.
(D) Dungeon
Where to? (Enter - D:2, ? - help)
There is a stone staircase leading down here.
You climb downwards.
Found a buckler.
Found a stone staircase leading down.
There is a stone staircase leading up here.
You start resting.
An orc comes into view. It is wielding a +0 flail.
You regained 8 hp, and now have 22/24 hp.
No target in view!
No target in view!
No target in view!
An orc wizard comes into view. It is wielding a +0 dagger.
An orc comes into view. It is wielding a +0 hand axe.
The orc shouts!
The orc wizard shouts!
You hit the orc wizard but do no damage.
Your grab misses the orc wizard.
The orc wizard hits you with a +0 dagger.
You take 2 damage, and have 21/24 hp.
You hit the orc wizard. You grab the orc wizard.
You constrict the orc wizard, but do no damage.
You hit the orc wizard but do no damage.
You constrict the orc wizard.
The orc wizard hits you with a +0 dagger.
You take 1 damage, and have 20/24 hp.
You hit the orc wizard. You constrict the orc wizard.
The orc wizard closely misses you.
You hit the orc wizard. You constrict the orc wizard.
You kill the orc wizard!
You have reached level 4!
You regained 4 hp, and now have 24/29 hp.
MP restored: 4 You hit the orc.
Your grab misses the orc. The orc closely misses you.
You hit the orc. You grab the orc. You constrict the orc.
You hit the orc but do no damage. You squeeze the orc.
You kill the orc!
The orc hits you with a +0 flail!
You take 7 damage, and have 17/29 hp.
MASSIVE DAMAGE!!
You are too injured to fight recklessly!
You are too injured to fight recklessly!
You are too injured to fight recklessly!
You barely miss the orc. Your grab misses the orc. Your squeeze misses the orc.
You hit the orc. You grab the orc.
You constrict the orc, but do no damage.
The orc closely misses you.
An orc wizard comes into view. It is wielding a +0 dagger.
The orc wizard shouts!
You hit the orc but do no damage.
You constrict the orc, but do no damage.
The orc hits you with a +0 flail.
You take 3 damage, and have 14/29 hp.
You are feeling very hungry.
You hit the orc. You squeeze the orc.
You kill the orc!
An orc comes into view. It is wielding a +0 war axe.
Items here: )) [[ a +0 hand axe; a +0 leather armour; a +0 dagger; a +0 robe The orc wizard misses you.
You hit the orc wizard but do no damage.
You grab the orc wizard. Your squeeze misses the orc wizard.
You constrict the orc wizard.
The orc wizard hits you with a +0 dagger.
You take 3 damage, and have 11/29 hp.
The orc shouts!
You hit the orc wizard.
You constrict the orc wizard, but do no damage.
The orc wizard hits you with a +0 dagger.
* * * LOW HITPOINT WARNING * * *
You take 3 damage, and have 8/29 hp.
You hit the orc wizard but do no damage.
You constrict the orc wizard. The orc wizard barely misses you.
You hit the orc wizard. You constrict the orc wizard.
The orc wizard gestures at you while chanting.
The magic dart hits you!
You die...

..#<# # #.#.#
#.#.#.#
###.#.#.## ###.
.........#.....
###............
.....o>.#####.#
###.##.)# #.
#.@# # #.o.#
#..... ........
######.### .# #


You could see an orc wizard and an orc.

Vanquished Creatures
  An orc wizard (D:3)
  An adder (D:2)
  An ooze (D:2)
  A dart slug (D:1)
  A leopard gecko (D:1)
  2 orcs (D:3)
  6 bats
  3 giant cockroaches
  4 goblins
  4 hobgoblins
  3 jackals (D:1)
  A ball python (D:1)
  3 frilled lizards
  6 kobolds
  2 rats (D:1)
39 creatures vanquished.

Notes
Turn   | Place    | Note
-------+----------+-------------------------------------------
     0 | D:1      | mhoghedin the Octopode Assassin began the quest for the
                  | Orb.
     0 | D:1      | Reached XP level 1. HP: 14/14 MP: 1/1
   219 | D:1      | Reached XP level 2. HP: 19/19 MP: 2/2
   605 | D:1      | Reached skill level 3 in Short Blades
   605 | D:1      | Reached XP level 3. HP: 24/24 MP: 3/3
   825 | D:2      | Reached skill level 6 in Stealth
  1428 | D:2      | Noticed a moth of wrath
  1430 | D:2      | Found a bloodstained altar of Trog.
  1569 | D:3      | Reached XP level 4. HP: 24/29 MP: 4/4
  1582 | D:3      | Killed from afar by an orc wizard

Levels and vault maps discovered:
D:1:      wander_arrival_desolate, layout_loops_corners, serial_forest,
          infiniplex_forest_straight_3, infiniplex_forest_end_1,
          infiniplex_forest_clump_diagonal, infiniplex_forest_end_1,
          corexii_hall_statues_i
D:2:      layout_basic, tgw_trog, kennysheep_boxes
D:3:      layout_loops_ring, nicolae_overflow_crystal_walls, elyvilon_altar_5

Skill      XL: |  1  2  3 |
---------------+----------+-----
Short Blades   | 3 |  3.9
Stealth        | 6 |  6.3
Fighting       | |  2.0
Throwing       | |  2.0
Dodging        | |  1.0

Action                   |  1- 3 |  4- 6 || total
-------------------------+-------+-------++-------
Melee: Dagger            |    73 |    11 ||    84
       Constrict         |    16 |     3 ||    19
       Tentacles         |    13 |     2 ||    15
 Stab: Sleeping          |    13 |       ||    13
  Eat: Chunk             |     1 |       ||     1
Armor: Skin              |     7 |       ||     7
Dodge: Dodged            |    29 |     4 ||    33

Table legend:
 A = Non-vault XP
 B = Vault XP
 C = Vault XP percentage of total XP
 D = Non-vault monster count
 E = Vault monster count
 F = Vault count percentage of total count
                 A         B        C        D         E       F
            +---------+---------+-------+---------+---------+-------
      Total |     124 |       0 |   0.0 |      39 |       0 |   0.0
            +---------+---------+-------+---------+---------+-------
        D:1 |      40 |       0 |   0.0 |      23 |       0 |   0.0
        D:2 |      38 |       0 |   0.0 |      13 |       0 |   0.0
        D:3 |      46 |       0 |   0.0 |       3 |       0 |   0.0
            +---------+---------+-------+---------+---------+-------

Levels and vault maps discovered:
D:1:      wander_arrival_desolate, layout_loops_corners, serial_forest,
          infiniplex_forest_straight_3, infiniplex_forest_end_1,
          infiniplex_forest_clump_diagonal, infiniplex_forest_end_1,
          corexii_hall_statues_i
D:2:      layout_basic, tgw_trog, kennysheep_boxes
D:3:      layout_loops_ring, nicolae_overflow_crystal_walls, elyvilon_altar_5

Table legend:
 A = Turns spent in this place as a percentage of turns spent in the entire game.
 B = Non-inter-level travel turns spent in this place as a percentage of non-inter-level travel turns spent in the entire game.
 C = Inter-level travel turns spent in this place as a percentage of turns spent in this place.
 D = Turns resting spent in this place as a percentage of non-inter-level travel turns spent in this place.
 E = Turns spent auto-exploring this place as a percentage of non-inter-level travel turns spent in this place.
 F = Non-inter-level travel turns spent in this place divided by the number of levels of this place that you've seen.
                   A       B       C       D       E      F
               +-------+-------+-------+-------+-------+----------------------
         Total | 100.0 | 100.0 |   1.2 |  10.7 |  73.1 | 521.0
       Dungeon | 100.0 | 100.0 |   1.2 |  10.7 |  73.1 | 521.0
               +-------+-------+-------+-------+-------+----------------------

Table legend:
 A = Kills in this place as a percentage of kills in entire the game.
 B = Kills by you in this place as a percentage of kills by you in the entire game.
 C = Kills by friends in this place as a percentage of kills by friends in the entire game.
 D = Other kills in this place as a percentage of other kills in the entire game.
 E = Experience gained in this place as a percentage of experience gained in the entire game.
 F = Experience gained in this place divided by the number of levels of this place that you have seen.
                   A       B       C       D       E      F
               +-------+-------+-------+-------+-------+----------------------
         Total | 100.0 | 100.0 |   N/A |   N/A | 100.0 |  41.3
       Dungeon | 100.0 | 100.0 |   N/A |   N/A | 100.0 |  41.3
               +-------+-------+-------+-------+-------+----------------------
